 Dungeon Crawl Stone Soup version 0.31-a0-188-g5e087ee2ca (webtiles) character file.

Game seed: 12290412357878188327

51 qw the Shooter (level 3, -1/20 HPs)
             Began as a Deep Elf Hunter on June 23, 2023.
             Slain by a sky beast (5 damage)
             ... on level 2 of the Dungeon.
             The game lasted 00:00:33 (1332 turns).

qw the Shooter (Deep Elf Hunter)                    Turns: 1332, Time: 00:00:33

Health: -1/20      AC: 12    Str: 10    XL:     3   Next: 57%
Magic:  5/5        EV: 12    Int: 13    God:
Gold:   91         SH:  0    Dex: 18    Spells: 2/2 levels left

rFire   . . .        Y - +0 shortbow
rCold   . . .        (shield currently unavailable)
rNeg    . . .        h - +3 leather armour
rPois   .            e - +0 helmet
rElec   .            (no cloak)
rCorr   .            d - +0 pair of gloves
SInv    .            (no boots)
Will    .....        (no amulet)
Stlth   ++           a - +4 ring of protection
HPRegen 0.23/turn    (no ring)
MPRegen 0.09/turn

%: no passive effects
@: no status effects
A: no striking features
a: no special abilities


You were on level 2 of the Dungeon.
You visited 1 branch of the dungeon, and saw 3 of its levels.

You collected 91 gold pieces.


   Skills:
 - Level 1.5 Fighting
 + Level 7.1 Ranged Weapons
 - Level 2.4 Dodging
 - Level 1.2 Stealth


You had 2 spell levels left.
You didn't know any spells.
Your spell library was empty.

Inventory:

Hand Weapons
 Y - a +0 shortbow (weapon)
Armour
 d - a +0 pair of gloves (worn)
 e - a +0 helmet (worn)
 h - a +3 leather armour (worn)
Jewellery
 a - a +4 ring of protection (left hand)
Scrolls
 j - 2 scrolls of teleportation
Potions
 i - a potion of mutation {unknown}

Dungeon Overview and Level Annotations

Branches:
Dungeon (3/15)

Altars:


Message History

Deactivating autopickup; reactivate with Ctrl-A.
Autopickup is now on.
You start resting.
Something hits you but does no damage.
Deactivating autopickup; reactivate with Ctrl-A.
You shoot an arrow. Something hits you but does no damage.
You shoot an arrow. Something hits you but does no damage.
You shoot an arrow.
A sky beast appears from thin air!
Reactivating autopickup.
The sky beast hits you but does no damage.
You shoot an arrow.
The arrow hits the sky beast but does no damage.
The sky beast is heavily wounded.
The sky beast hits you but does no damage.
You shoot an arrow. The arrow barely misses the sky beast.
The sky beast barely misses you.
You shoot an arrow.
The arrow hits the sky beast but does no damage.
The sky beast is heavily wounded.
The sky beast misses you.
You shoot an arrow. The arrow barely misses the sky beast.
The sky beast hits you but does no damage.
You shoot an arrow. The arrow closely misses the sky beast.
The sky beast closely misses you.
You shoot an arrow. The arrow barely misses the sky beast.
The sky beast closely misses you.
You shoot an arrow. The arrow barely misses the sky beast.
The sky beast misses you.
You shoot an arrow.
The arrow hits the sky beast but does no damage.
The sky beast is heavily wounded.
The sky beast flickers out of sight!
Deactivating autopickup; reactivate with Ctrl-A.
Something hits you. Something shocks you.
You shoot an arrow. Something hits you but does no damage. Something hits you.
Something shocks you.
You die...

#....................#####
##.#.......##.##.........#
#.##########.##..######.#
#.# #.##..# #.# #.#
##.##..# #.# #.# ##...#..#
#.# #.#
#####.....#.######.## #.#
#....{%.............# #.#
#.###@)...#.######..# #.#
#.# ##...##.######..# #.#
#.# ##.............# #.#
#.# #####.........# ##.#
#.# #.######..## #..# #.#
#.# #..## #.## #.# #.#
#...# #.# #.# #.# #....
###.#####.## #.######.>..


There were no monsters in sight!

Vanquished Creatures
  An adder (D:2)
  2 worms (D:2)
  4 endoplasms
  A giant cockroach (D:2)
  3 goblins (D:1)
  4 hobgoblins
  3 ball pythons (D:2)
  5 bats
  2 frilled lizards
  5 kobolds
  4 rats
34 creatures vanquished.

Notes
Turn   | Place    | Note
-------+----------+-------------------------------------------
     0 | D:1      | qw the Deep Elf Hunter began the quest for the Orb.
     0 | D:1      | Reached XP level 1. HP: 12/12 MP: 3/3
     0 | D:1      | 0 ||| qw: Version: 0.3-a-9-g12657ce
     0 | D:1      | 0 ||| qw: Game counter: 3448
     0 | D:1      | 0 ||| qw: Always use a shield: true
     0 | D:1      | 0 ||| qw: God list: Okawaru
     0 | D:1      | 0 ||| qw: Allow faded altars: false
     0 | D:1      | 0 ||| qw: Do Orc after D:15 true
     0 | D:1      | 0 ||| qw: Do second Lair branch before Depths: true
     0 | D:1      | 0 ||| qw: Lair rune preference: random
     0 | D:1      | 0 ||| qw: Plans: Normal
     0 | D:1      | 0 ||| PLANNING D:1-11
   197 | D:1      | Reached skill level 6 in Ranged Weapons
   197 | D:1      | Reached XP level 2. HP: 15/16 MP: 4/4
   618 | D:1      | 618 ||| UPGRADING to +0 pair of gloves.
   623 | D:1      | 623 ||| UPGRADING to +0 helmet.
   628 | D:1      | 628 ||| UPGRADING to +3 leather armour.
   638 | D:1      | 638 ||| DROPPING +0 leather armour.
   639 | D:1      | 639 ||| READING scroll labelled ILILUOM BYIHOTHRIE.
   640 | D:1      | 640 ||| READING scroll labelled JELANE LUYKI.
   641 | D:1      | 641 ||| READING 2 scrolls labelled LIPELU KIOGETO.
   644 | D:1      | 644 ||| DROPPING scroll of butterflies.
  1065 | D:2      | Reached XP level 3. HP: 19/20 MP: 5/5
  1130 | D:2      | Found a faded altar of an unknown god.
  1152 | D:2      | Reached skill level 7 in Ranged Weapons
  1246 | D:2      | 1246 ||| UPGRADING to +4 ring of protection.
  1247 | D:2      | 1247 ||| READING scroll labelled WAEPIL ARAOHEAZ.
  1268 | D:3      | Noticed a sky beast
  1271 | D:3      | 1271 ||| STAIRDANCE
  1316 | D:3      | 1316 ||| STAIRDANCE
  1331 | D:2      | HP: 4/20 [something (6)]
  1332 | D:2      | Slain by a sky beast

Levels and vault maps discovered:
D:1:      dpeg_arrival_tiny_d, layout_loops_ring
D:2:      layout_loops_ring, hellmonk_ecumenical_altar_arch_garden
D:3:      layout_basic, nicolae_qazlal_beasts_of_the_sky,
          amcnicky_mini_pool_small, hangedman_abyss_or_decor_lesser_grid

Skill      XL: |  1  2  3 |
---------------+----------+-----
Ranged Weapons | 6 7 |  7.1
Fighting       | |  1.5
Dodging        | |  2.4
Stealth        | |  1.2

Action                     || total
---------------------------++-------
   Fire: Shortbow          ||   117
    Use: Scroll            ||     4
 Armour: Leather armour    ||    30
  Dodge: Dodged            ||    32

Table legend:
 A = Non-vault XP
 B = Vault XP
 C = Vault XP percentage of total XP
 D = Non-vault monster count
 E = Vault monster count
 F = Vault count percentage of total count
                 A         B        C        D         E       F
            +---------+---------+-------+---------+---------+-------
      Total |      73 |       0 |   0.0 |      34 |       0 |   0.0
            +---------+---------+-------+---------+---------+-------
        D:1 |      27 |       0 |   0.0 |      17 |       0 |   0.0
        D:2 |      46 |       0 |   0.0 |      17 |       0 |   0.0
            +---------+---------+-------+---------+---------+-------
